 Dungeon Sprint DCSS version 0.30-a0-808-g6e0788376e (webtiles) character file.

Game seed: 13670728753326270967

4610 rocky1 the Impaler (level 10, -17/87 HPs)
             Began as a Merfolk Gladiator on Feb 26, 2023.
             Was an Elder of Qazlal.
             Killed from afar by a purple draconian shifter (39 damage)
             ... with a bolt of dispelling energy
             ... in the Dungeon (Sprint II: "The Violet Keep of Menkaure").
             The game lasted 00:08:33 (1315 turns).

rocky1 the Impaler (Merfolk Gladiator)              Turns: 1315, Time: 00:08:33

Health: -17/87     AC:  4    Str: 18      XL:     10   Next: 42%
Magic:  18/18      EV: 22    Int:  9      God:    Qazlal [****..]
Gold:   480        SH:  5    Dex: 15 (16) Spells: 9/9 levels left

rFire   + . .      SeeInvis .    h - +0 halberd "Lakhin" {freeze, Int+3}
rCold   . . .      Faith    .    (shield currently unavailable)
rNeg    . . .      Spirit   .    B - +0 scale mail
rPois   .          Reflect  .    (helmet restricted)
rElec   .          Harm     .    (no cloak)
rCorr   .          Rampage  .    (no gloves)
Will    .....      NoTele   +    (boots currently unavailable)
Stlth   +                        (no amulet)
HPRegen 0.34/turn                x - ring of protection from fire
MPRegen 0.16/turn                (no ring)

@: hasted (expiring), repel missiles, very quick
A: nimble swimmer 2, mertail, horns 1, deformed body, deterioration 1, dopey 1,
evolution 1, sturdy frame 1
a: Renounce Religion, Upheaval, Elemental Force


You were in the Dungeon.
You worshipped Qazlal.
Qazlal was greatly pleased with you.
You visited 1 branch You collected 1197 gold pieces.
You spent 717 gold pieces at shops.

Inventory:

Hand Weapons
 h - the +0 halberd "Lakhin" (weapon) {freeze, Int+3}
   (You bought it in a shop in the Dungeon)

   Int:       It affects your intelligence (+3).
Missiles
 d - 3 throwing nets (quivered)
 e - a javelin
Armour
 j - a +1 pair of boots (melded)
 B - a +0 scale mail (worn)
Jewellery
 x - a ring of protection from fire (left hand)
Scrolls
 k - a scroll of blinking
 o - 5 scrolls of identify {unknown}
 q - 2 scrolls of amnesia {unknown}
 s - a scroll of fear {unknown}
 v - a scroll of torment {unknown}
 w - a scroll of magic mapping
Potions
 f - a potion of curing
 g - a potion of heal wounds
 i - 6 potions of magic
 l - 3 potions of might {unknown}
 n - 3 potions of resistance {unknown}
 p - a potion of cancellation {unknown}
 r - a potion of lignification {unknown}
 t - a potion of attraction {unknown}
 u - a potion of mutation
 z - 5 potions of flight {unknown}
 A - a potion of brilliance {unknown}


   Skills:
 + Level 11.0 Fighting
 + Level 18.7 Polearms
 - Level 4.1 Throwing
 + Level 4.3 Armour
 + Level 15.0 Dodging
 + Level 2.4 Stealth
 - Level 0.2 Shields
 * Level 11.4 Invocations


You had 9 spell levels left.
You didn't know any spells.
Your spell library contained the following spells:

 Spells                   Type           Power      Damage    Failure   Level
 Animate Dead             Necr           0%         N/A       100%        4
 Haunt                    Necr/Summ      0%         N/A       100%        7
 Infestation              Necr           0%         N/A       100%        8


Dungeon Overview and Level Annotations

Branches:
Dungeon (1/1)

Altars:
Cheibriados
Dithmenos
Elyvilon
Fedhas
Gozag
Hepliaklqana
Kikubaaqudgha
Makhleb
Nemelex Xobeh
Okawaru
Qazlal
Ru
Sif Muna
Trog
Uskayaw
Vehumet
Wu Jian
Xom
Yredelemnul
Zin
The Shining One
Jiyva
Lugonu

Shops:
D :[=[!=:!(*:?(??

Annotations:
D exclusions: obsidian statue and oklob plant


Innate Abilities, Weirdness & Mutations

You are very nimble when in or above water. (Stealth+, EV+, Speed+++)
Your lower body shifts to a powerful aquatic tail in water.
You have a pair of small horns on your head.
Armour fits poorly on your strangely shaped body.
Your body sometimes deteriorates upon taking damage.
You are dopey. (Int -2)
You have hidden genetic potential.
Your movements are slightly less encumbered by armour. (ER -2)


Message History

Sonja is severely wounded.
Sonja throws a curare-tipped dart.
The curare-tipped dart closely misses you.
You reach to attack!
You miss Sonja.
Sonja is severely wounded.
Sonja throws a curare-tipped dart.
The curare-tipped dart closely misses you.
You reach to attack!
You hit Sonja. You freeze Sonja.
Sonja is almost dead.
You reach to attack!
You closely miss Sonja.
Sonja is almost dead.
You closely miss Sonja.
Sonja is almost dead.
Sonja misses you. You block Sonja's attack.
Sonja hits you with a +2 dagger of distortion.
Space warps around you.
You barely miss Sonja.
Sonja is almost dead.
You hit Sonja. You freeze Sonja.
You kill Sonja!
Qazlal accepts your kill.
Your Fighting skill increases to level 11!
Your Dodging skill increases to level 15!
Your Invocations skill increases to level 11!
No target in view!
You now have 480 gold pieces (gained 243).
Things that are here:
a +2 dagger of distortion; 4 curare-tipped darts; the kobold corpse of Sonja
There is a fountain of blood, spattered with blood here.
The hellephant breathes flames at you. The blast of flame hits you!!
You resist.
* * * LOW HITPOINT WARNING * * *
Your body deteriorates!
You feel clumsy.
There is an open door, spattered with blood here.
Your legs become a tail as you enter the water.
Your +1 pair of boots melds into your body.
The purple draconian shifter breathes dispelling energy at you.
The bolt of dispelling energy hits you!!!
Your magical effects are unravelling.
You die...

,#))▓..).....▓▓.⌠.▓,*,+~,,~+,*
.#[:▓...))...▓▓°..▓,*,+~,,~+,*
####▓[..)..[.▓▓○..▓,*,+~,,~+,*
##.#▓.(....).▓▓°..▓,*,+~,,~+,*
#..#▓)..[[.).▓▓.○$▓,*,+~,,~+,*
#†.#▓([..)..[▓▓○⌠$▓,*,*~,,~*,*
##.#▓(..[).(.▓▓...▓^*,*~,,~*,*
^)##▓▓▓▓▓▓▓'▓▓▓▓'▓▓^***~,,~***
~~~~~~~÷~~~..q§○@▓,,,,,,,,**
'########'###Y≈≈☼▓,,,,,,,**
.._._._.#§§~##≈≈≈▓,,,,,,**
._._._..#~÷§≈####▓****~**
_._._._.#~§§§≈##,,*,,*~*
._._._._#§§§§§≈#,,*,,*~*
.._._._.#~~§~§≈+,,+,,*~*
..._._._#§§~~≈~#,,*,,*~*
...._._.#§§§≈§≈▓,,*,,*~*


You could see a hellephant (catching breath) and a purple draconian shifter
(catching breath).

Vanquished Creatures
  A kraken (D)
  Sonja (D)
  A glowing orange brain (D)
  A yaktaur (D)
  3 polar bears (D)
  A hornet (D)
  4 neqoxecs (D)
  Menkaure (D)
  3 water moccasins (D)
  4 necrophages (D)
  5 scorpions (D)
  3 tentacles (D)
28 creatures vanquished.

Vanquished Creatures (others)
  A water moccasin (D)
  A tentacle (D)
2 creatures vanquished.

Grand Total: 30 creatures vanquished

Notes
Turn   | Place    | Note
-------+----------+-------------------------------------------
     0 | D        | rocky1 the Merfolk Gladiator began the quest for the Orb.
     0 | D        | Reached XP level 1. HP: 16/16 MP: 1/1
     1 | D        | Noticed a necrophage
     1 | D        | Noticed a necrophage
     1 | D        | Noticed a necrophage
     1 | D        | Noticed a necrophage
     8 | D        | Killed a necrophage
     9 | D        | Reached skill level 7 in Polearms
     9 | D        | Reached XP level 2. HP: 24/24 MP: 2/2
     9 | D        | Reached XP level 3. HP: 29/29 MP: 3/3
    14 | D        | Killed a necrophage
    15 | D        | Reached skill level 8 in Polearms
    15 | D        | Reached XP level 4. HP: 37/37 MP: 4/4
    15 | D        | Reached XP level 5. HP: 42/42 MP: 5/5
    24 | D        | Reached skill level 10 in Polearms
    29 | D        | Reached skill level 5 in Fighting
    29 | D        | Reached skill level 10 in Dodging
    29 | D        | Reached XP level 6. HP: 32/51 MP: 6/6
    57 | D        | Killed a water moccasin
    86 | D        | Found a hazy altar of Hepliaklqana.
    86 | D        | Found a snail-covered altar of Cheibriados.
    87 | D        | Found a stormy altar of Qazlal.
    87 | D        | Found a viscous altar of Jiyva.
    87 | D        | Found a shadowy altar of Dithmenos.
    89 | D        | Found a sacrificial altar of Ru.
    89 | D        | Found an ancient bone altar of Kikubaaqudgha.
    89 | D        | Found a white marble altar of Elyvilon.
    90 | D        | Found an ornate altar of the Wu Jian Council.
    90 | D        | Found a shimmering blue altar of Sif Muna.
    90 | D        | Found a corrupted altar of Lugonu.
    91 | D        | Found a shimmering altar of Xom.
    91 | D        | Found a bloodstained altar of Trog.
    91 | D        | Found a burning altar of Makhleb.
    92 | D        | Found a glowing golden altar of the Shining One.
    92 | D        | Found a basalt altar of Yredelemnul.
    92 | D        | Found a hide-covered altar of Uskayaw.
    93 | D        | Found a glowing silver altar of Zin.
    93 | D        | Found a radiant altar of Vehumet.
    95 | D        | Found a blossoming altar of Fedhas.
    95 | D        | Found a sparkling altar of Nemelex Xobeh.
    96 | D        | Found an opulent altar of Gozag.
    96 | D        | Found an iron altar of Okawaru.
    99 | D        | Became a worshipper of Qazlal Stormbringer
   122 | D        | Noticed a neqoxec
   125 | D        | Gained mutation: You are dopey. (Int -2) [a neqoxec]
   127 | D        | Gained mutation: Your magical capacity is low. (-10% MP) [a
                  | neqoxec]
   141 | D        | Killed a neqoxec
   142 | D        | Reached skill level 12 in Polearms
   144 | D        | Noticed a neqoxec
   144 | D        | Noticed a neqoxec
   144 | D        | Noticed a neqoxec
   160 | D        | Killed a neqoxec
   160 | D        | Reached * piety under Qazlal
   161 | D        | Reached skill level 1 in Armour
   161 | D        | Reached XP level 7. HP: 46/58 MP: 6/9
   167 | D        | Gained mutation: You occasionally lose the ability to read
                  | scrolls when taking damage. [a neqoxec]
   176 | D        | Gained mutation: You are vulnerable to heat. (rF-) [a
                  | neqoxec]
   177 | D        | Killed a neqoxec
   178 | D        | Reached skill level 13 in Polearms
   178 | D        | Reached skill level 5 in Invocations
   178 | D        | Gained mutation: You have a pair of small horns on your
                  | head. [a neqoxec]
   180 | D        | Gained mutation: Your body sometimes deteriorates upon
                  | taking damage. [a neqoxec]
   191 | D        | Gained mutation: Armour fits poorly on your strangely
                  | shaped body. [a neqoxec]
   197 | D        | Killed a neqoxec
   293 | D        | Noticed a boulder beetle
   293 | D        | Noticed a boulder beetle
   300 | D        | Reached ** piety under Qazlal
   301 | D        | Reached skill level 14 in Polearms
   307 | D        | Reached XP level 8. HP: 58/65 MP: 11/11
   549 | D        | Found Dixoehac's Magic Scroll Emporium.
   551 | D        | Found Qoxzoh's Magic Scroll Shoppe.
   553 | D        | Found Veixzeir's Antique Weapon Emporium.
   553 | D        | Found Qaolitess's Distillery.
   554 | D        | Found Omant's Jewellery Emporium.
   554 | D        | Found Waraon's Distillery.
   562 | D        | Found Niobif's Book Shoppe.
   562 | D        | Found Cusapnac's Antique Armour Emporium.
   563 | D        | Found Hikhach's Jewellery Shoppe.
   563 | D        | Found Kofiwoc's Antique Armour Emporium.
   564 | D        | Found Xejiem's Weapon Shoppe.
   564 | D        | Found Duq Luar's Book Emporium.
   564 | D        | Noticed a manticore
   565 | D        | Found Qiuheo's Magic Scroll Shoppe.
   565 | D        | Found Darutioh's General Store.
   567 | D        | Noticed a manticore
   568 | D        | Noticed Menkaure
   568 | D        | Noticed a manticore
   568 | D        | Noticed an oklob plant
   569 | D        | Found Gacero Kamom's Book Shoppe.
   570 | D        | Noticed a wyvern
   583 | D        | Killed Menkaure
   583 | D        | Reached *** piety under Qazlal
   584 | D        | Reached skill level 15 in Polearms
   590 | D        | Bought a potion of mutation for 96 gold pieces
   591 | D        | Noticed a polar bear
   591 | D        | Noticed a polar bear
   592 | D        | Lost mutation: You are vulnerable to heat. (rF-) [potion of
                  | mutation]
   592 | D        | Lost mutation: Your magical capacity is low. (-10% MP)
                  | [potion of mutation]
   592 | D        | Lost mutation: You occasionally lose the ability to read
                  | scrolls when taking damage. [potion of mutation]
   592 | D        | Gained mutation: Your movements are slightly less
                  | encumbered by armour. (ER -2) [potion of mutation]
   592 | D        | Gained mutation: You are frail. (-10% HP) [potion of
                  | mutation]
   592 | D        | Gained mutation: You have hidden genetic potential. [potion
                  | of mutation]
   595 | D        | Bought a translucent halberd for 234 gold pieces
   595 | D        | Identified the +0 halberd "Lakhin" {freeze, Int+3} (You
                  | bought it in a shop in the Dungeon)
   601 | D        | Bought a pair of embroidered boots for 195 gold pieces
   609 | D        | Noticed a wyvern
   620 | D        | Bought a scroll of magic mapping for 82 gold pieces
   620 | D        | Bought a potion of haste for 110 gold pieces
   664 | D        | Noticed a polar bear
   665 | D        | Noticed a yaktaur
   665 | D        | Noticed a hornet
   665 | D        | Noticed a polar bear
   678 | D        | Killed a polar bear
   678 | D        | Killed a polar bear
   679 | D        | Reached skill level 16 in Polearms
   707 | D        | Killed a yaktaur
   708 | D        | Reached XP level 9. HP: 31/67 MP: 5/14
   708 | D        | Killed a hornet
   718 | D        | Lost mutation: You are frail. (-10% HP) [hidden potential]
   844 | D        | Noticed a kraken
   860 | D        | Reached skill level 17 in Polearms
   937 | D        | Noticed a polar bear
   946 | D        | Killed a polar bear
   946 | D        | Reached **** piety under Qazlal
   991 | D        | Noticed an obsidian statue
  1023 | D        | Killed a kraken
  1024 | D        | Reached skill level 10 in Fighting
  1024 | D        | Reached skill level 18 in Polearms
  1024 | D        | Reached skill level 1 in Stealth
  1024 | D        | Reached skill level 10 in Invocations
  1024 | D        | Reached XP level 10. HP: 73/85 MP: 0/17
  1130 | D        | Found the +3 pair of seven-league boots {Rampage+∞}
  1273 | D        | Noticed a glowing orange brain
  1273 | D        | Noticed a hellephant
  1273 | D        | Noticed Sonja
  1278 | D        | Noticed a purple draconian shifter
  1300 | D        | Killed a glowing orange brain
  1309 | D        | Killed Sonja
  1310 | D        | Reached skill level 15 in Dodging
  1315 | D        | Killed from afar by a purple draconian shifter

Illustrated notes

Levels and vault maps discovered:
D:        the_violet_keep_of_menkaure [sprint2_stairs_cluster_1,
          sprint2_shoproom, sprint2_temple, sprint2_basic_supplies,
          sprint2_obstacle_5, sprint2_obstacle_3, sprint2_obstacle_7,
          sprint2_obstacle_2, sprint2_obstacle_6, sprint2_timed_cluster_1,
          sprint2_smallroom_cluster_1, sprint2_smallroom_final_cluster_1,
          sprint2_transparent_cluster_1, sprint2_second_timed_cluster_1,
          sprint2_sniper_area_1, sprint2_heavy_combat_area_1,
          sprint2_mutation_trap_area_1, sprint2_forest_area_1,
          sprint2_light_combat_area_1, sprint2_behind_water_1,
          sprint2_near_end_vault_1]

Skill      XL: |  1  2  3  4  5  6  7  8  9 10 |
---------------+-------------------------------+-----
Fighting       | 3 4 5 6 8 10 11 | 11.0
Polearms       | 7 8 10 12 14 16 18 | 18.7
Throwing       | 3 4 |  4.1
Dodging        | 7 8 10 11 12 13 14 15 | 15.0
Invocations    | 4 6 7 10 11 | 11.4
Armour         | 1 2 4 |  4.3
Stealth        | 1 2 |  2.4
Shields        | |  0.2

Action                     |  1- 3 |  4- 6 |  7- 9 | 10-12 || total
---------------------------+-------+-------+-------+-------++-------
  Melee: Trident           |    12 |    46 |    66 |       ||   124
         Headbutt          |       |       |    12 |     5 ||    17
         Punch             |       |       |     2 |       ||     2
         Halberd           |       |       |    30 |    27 ||    57
         Tailslap          |       |       |     4 |     2 ||     6
 Invoke: Upheaval          |       |       |    10 |       ||    10
    Use: Potion            |     1 |     1 |     1 |     3 ||     6
         Scroll            |       |       |     1 |     1 ||     2
 Armour: Leather armour    |       |     2 |     2 |       ||     4
         Scale mail        |       |       |       |     1 ||     1
  Dodge: Dodged            |     3 |    11 |    49 |     7 ||    70
  Block: Other             |       |       |     9 |     4 ||    13

Table legend: (Time is in decaauts)
 A = Elapsed time spent in this place.
 B = Non-inter-level travel time spent in this place.
 C = Inter-level travel time spent in this place.
 D = Time resting spent in this place.
 E = Time spent auto-exploring this place.
 F = Levels seen in this place.
 G = Mean time per level.
                   A        B        C        D        E       F      G
               +--------+--------+--------+--------+--------+-----+--------+
         Total |   1193 |   1193 |      0 |    680 |      0 |   1 | 1193.0 |
       Dungeon |   1193 |   1193 |      0 |    680 |      0 |   1 | 1193.0 |
               +--------+--------+--------+--------+--------+-----+--------+

Top non-repeatable levels by time:
       D: 1193 daAuts
